 Dungeon Crawl Stone Soup version 0.30-a0-571-gdf30a72648 (webtiles) character file.

Game seed: 3544726630549314754

1236 bmack86 the Chopper (level 8, -3/71 HPs)
             Began as a Minotaur Fighter on Dec 29, 2022.
             Splashed by a jelly's acid (9 damage)
             ... on level 5 of the Dungeon.
             The game lasted 00:09:09 (3737 turns).

bmack86 the Chopper (Minotaur Fighter)              Turns: 3737, Time: 00:09:09

Health: -3/71      AC:  0    Str: 22    XL:     8   Next: 24%
Magic:  7/7        EV:  9    Int:  5    God:
Gold:   121        SH:  5    Dex: 11    Spells: 7/7 levels left

rFire   + . .      SeeInvis .    a - +0 war axe
rCold   x . .      Faith    .    c - +0 buckler
rNeg    . . .      Spirit   .    b - +0 scale mail
rPois   .          Reflect  .    (helmet restricted)
rElec   .          Harm     .    (no cloak)
rCorr   .          Rampage  .    (no gloves)
Will    .....                    n - +2 pair of boots Stlth
                                 (no amulet)
HPRegen 0.31/turn                j - ring of fire
MPRegen 0.10/turn                (no ring)

@: lethally poisoned (-3 -> -6), corroded, studying Earth Magic
A: horns 2, retaliatory headbutt
a: no special abilities


You were on level 5 of the Dungeon.
You visited 1 branch of the dungeon, and saw 5 of its levels.

You collected 121 gold pieces.

Inventory:

Hand Weapons
 a - a +0 war axe (weapon)
Armour
 b - a +0 scale mail (worn)
 c - a +0 buckler (worn)
 n - a +2 pair of boots (worn)
Jewellery
 j - a ring of fire (left hand)
Scrolls
 i - a scroll of enchant armour {unknown}
 k - 2 scrolls of immolation {unknown}
 l - a scroll of blinking {unknown}
 p - a scroll of enchant weapon {unknown}
 r - a scroll of teleportation {unknown}
 s - a scroll of fear {unknown}
Potions
 e - 2 potions of haste
 f - 5 potions of curing
 g - a potion of ambrosia
 h - a potion of attraction
 m - a potion of mutation
 o - a potion of brilliance {unknown}
 q - a potion of berserk rage


   Skills:
 + Level 6.4 Fighting
 * Level 7.9 Axes
 + Level 6.4 Armour
 + Level 6.4 Shields


You had 7 spell levels left.
You didn't know any spells.
Your spell library contained the following spells:

 Spells                   Type           Power      Damage    Failure   Level
 Ozocubu's Armour         Ice            0%         N/A       99%         3
 Ozocubu's Refrigeration  Ice            0%         4d7       100%        7


Dungeon Overview and Level Annotations

Branches:
Dungeon (5/15)
 Temple: D:4-7

Altars:

Annotations:
D:3 1 runed translucent door, Crazy Yiuf


Innate Abilities, Weirdness & Mutations

You have a pair of horns on your head.
You reflexively headbutt those who attack you in melee.


Message History

The scorpion is moderately wounded.
You hit the jelly.
Your hands burn!
You hit the black bear.
The scorpion stings you but does no damage.
You block the jelly's attack. The black bear barely misses you.
The black bear closely misses you.
The black bear claws you but does no damage.
You slash the scorpion!
The scorpion is almost dead.
You barely miss the black bear. You hit the jelly but do no damage.
Your hands burn!
The scorpion stings you.
You are poisoned.
The scorpion poisons you! The jelly hits you. The acid corrodes you!
You are splashed with acid!
The black bear bites you. You block the black bear's attack.
The black bear claws you. The scorpion barely misses you.
You hit the scorpion but do no damage.
The scorpion is almost dead.
You barely miss the black bear. You completely miss the jelly.
You feel very sick. The jelly hits you. The acid corrodes you!
You are splashed with acid!
The black bear barely misses you. The black bear completely misses you.
The black bear closely misses you. The scorpion stings you.
You hit the scorpion.
You kill the scorpion!
You hit the jelly.
Your hands burn!
* * * LOW HITPOINT WARNING * * *
You hit the black bear but do no damage.
You feel sick. The jelly barely misses you. The black bear bites you.
* * * LOW HITPOINT WARNING * * *
The black bear claws you.
* * * LOW HITPOINT WARNING * * *
You block the black bear's attack.
You closely miss the black bear. Your headbutt misses the black bear.
The black bear is heavily wounded.
You hit the jelly but do no damage.
Your hands burn!
* * * LOW HITPOINT WARNING * * *
You feel sick. The jelly hits you.
* * * LOW HITPOINT WARNING * * *
You are splashed with acid!
You die...

≈≈ .......
#≈##..... ≈≈#.#..#
≈ ≈~....# ##. ≈≈≈
##....# ....
#≈≈#.....###.....
≈≈##~.............
#~~...†@?.<.....#
......Jh..###...#
#######...# .#.
#>#.# # #.#..
#..... #####.# .#


You could see a black bear and a jelly.

Vanquished Creatures
  Pikel (D:4)
  An ice beast (D:3)
  Blork the orc (D:4)
  4 scorpions
  A hound (D:4)
  An orc priest (D:4)
  An iguana (D:4)
  Jessica (D:3)
  2 orc wizards (D:4)
  Terence (D:2)
  4 gnolls (D:2)
  6 adders
  2 worms
  4 dart slugs
  11 orcs
  9 ball pythons
  8 endoplasms
  4 giant cockroaches
  5 goblins
  7 hobgoblins
  7 kobolds
  7 quokkas
  9 bats
  4 frilled lizards
  6 rats
107 creatures vanquished.

Notes
Turn   | Place    | Note
-------+----------+-------------------------------------------
     0 | D:1      | bmack86 the Minotaur Fighter began the quest for the Orb.
     0 | D:1      | Reached XP level 1. HP: 19/19 MP: 0/0
    80 | D:1      | Reached XP level 2. HP: 24/27 MP: 1/1
   175 | D:1      | Reached skill level 3 in Axes
   272 | D:1      | Reached XP level 3. HP: 33/33 MP: 2/2
   748 | D:2      | Reached XP level 4. HP: 40/40 MP: 3/3
   752 | D:2      | Reached skill level 4 in Axes
   856 | D:2      | Found a faded altar of an unknown god.
   879 | D:2      | Noticed Terence
   887 | D:2      | Killed Terence
  1487 | D:3      | Noticed an ice beast
  1495 | D:3      | Killed an ice beast
  1496 | D:3      | Reached XP level 5. HP: 27/47 MP: 4/4
  1680 | D:3      | Reached skill level 5 in Axes
  1757 | D:3      | Found a runed translucent door.
  1758 | D:3      | Noticed Crazy Yiuf
  1802 | D:3      | Noticed Jessica
  1812 | D:3      | Killed Jessica
  1813 | D:3      | Reached XP level 6. HP: 55/55 MP: 5/5
  2523 | D:4      | Noticed Pikel
  2524 | D:4      | Noticed Blork the orc
  2533 | D:4      | Killed Pikel
  2534 | D:4      | Reached skill level 5 in Fighting
  2534 | D:4      | Reached skill level 6 in Axes
  2534 | D:4      | Reached skill level 5 in Armour
  2534 | D:4      | Reached skill level 5 in Shields
  2534 | D:4      | Reached XP level 7. HP: 20/62 MP: 6/6
  2539 | D:4      | Killed Blork the orc
  2915 | D:4      | Reached skill level 7 in Axes
  3056 | D:4      | Reached XP level 8. HP: 54/70 MP: 7/7
  3727 | D:5      | Entered Level 5 of the Dungeon
  3737 | D:5      | Splashed by a jelly's acid

Illustrated notes

Levels and vault maps discovered:
D:1:      psy_arrival_basics, layout_rooms
D:2:      layout_basic, ebering_ecumenical_altar_hall, due_unseen_surprise,
          uniq_terence
D:3:      minmay_skewed_foursquare, layout_basic, uniq_crazy_yiuf_cottage,
          uniq_jessica
D:4:      layout_cave_pods, st_stairs_11, nicolae_elevator_lobby_plus,
          uniq_blork_the_orc, uniq_pikel
D:5:      layout_loops_ring, gammafunk_ghost_abyssal_escape, minivault_4

Skill      XL: |  1  2  3  4  5  6  7 |
---------------+----------------------+-----
Axes           | 3 4 5 6 7 |  7.9
Fighting       | 4 5 6 |  6.4
Armour         | 4 5 6 |  6.4
Shields        | 4 5 6 |  6.4

Action                   |  1- 3 |  4- 6 |  7- 9 || total
-------------------------+-------+-------+-------++-------
Melee: War axe           |    70 |    85 |    67 ||   222
       Headbutt          |    10 |    11 |    12 ||    33
  Use: Scroll            |     3 |     3 |     3 ||     9
       Potion            |       |       |     1 ||     1
Armor: Scale mail        |    39 |    45 |    38 ||   122
Dodge: Dodged            |    38 |    46 |    33 ||   117
Block: Buckler           |    13 |    18 |    15 ||    46

Table legend: (Time is in decaauts)
 A = Elapsed time spent in this place.
 B = Non-inter-level travel time spent in this place.
 C = Inter-level travel time spent in this place.
 D = Time resting spent in this place.
 E = Time spent auto-exploring this place.
 F = Levels seen in this place.
 G = Mean time per level.
                   A        B        C        D        E       F      G
               +--------+--------+--------+--------+--------+-----+--------+
         Total |   3797 |   3717 |     80 |    173 |   2423 |   5 |  759.4 |
       Dungeon |   3797 |   3717 |     80 |    173 |   2423 |   5 |  759.4 |
               +--------+--------+--------+--------+--------+-----+--------+

Top non-repeatable levels by time:
     D:4: 1265 daAuts
     D:3: 1019 daAuts
     D:2: 940 daAuts
     D:1: 561 daAuts
     D:5: 10 daAuts
